Map: Whispers of Gold

Players

Maplez

  • Race: Protoss Protoss
  • League: Master
  • Spawn Location: 9:00

A.I. 1 (Very Easy) - Winner!

  • Race: Zerg Zerg
  • Spawn Location: 5:00

VOD

Have the link to the VOD?

Description

Time

  • Played on: April 14, 2025, 8:57 p.m.
  • Length: 8:07
Show
View Real Time Build Order
Export as new Build Order

Maplez Protoss 

Build Orders: 1 Gate Expand, Archon Immortal, Archon Drop, Dark Templar Rush 

Get SALT Encoding   

  12  0:00  Probe  
  13  0:12  Probe  
  14  0:18  Pylon  
  14  0:24  Probe  
  15  0:32  Probe  
  15  0:39  Gateway  
  15  0:41  Probe  
  16  0:48  Assimilator  
  17  0:51  Probe  
  18  1:03  Probe  
  19  1:15  Probe  
  20  1:26  Nexus  
  20  1:37  Cybernetics Core  
  20  1:40  Probe  
  20  1:46  Assimilator  
  21  1:53  Probe  
  22  1:55  Pylon  
  22  2:04  Probe, Adept  
  23  2:12  Probe  
  23  2:14  Warp Gate  
  25  2:21  Probe  
  26  2:24  Twilight Council  
  27  2:31  Probe  
  27  2:34  Stalker  
  27  2:35  Probe  
  30  2:44  Probe x2  
  33  2:55  Probe  
  33  2:56  Probe  
  35  3:02  Robotics Facility  
  35  3:07  Probe  
  35  3:08  Probe  
  37  3:19  Probe  
  38  3:20  Probe  
  38  3:21  Gateway  
  38  3:25  Dark Shrine  
  39  3:31  Probe  
  39  3:32  Probe  
  41  3:34  Gateway  
  41  3:39  Pylon, Warp Prism, Probe  
  41  3:44  Probe  
  41  3:47  Probe  
  43  3:55  Assimilator  
  46  3:57  Probe x2  
  46  4:00  Assimilator  
  48  4:06  Adept  
  48  4:08  Probe  
  48  4:09  Probe  
  52  4:11  Pylon  
  52  4:16  Probe  
  52  4:20  Pylon  
  52  4:21  Probe  
  54  4:34  Nexus  
  55  4:43  Dark Templar x3  
  55  4:45  Observer  
  60  4:49  Probe x2  
  60  4:51  Forge  
  63  4:54  Charge, Immortal  
  63  4:58  Pylon  
  63  5:03  Probe, Protoss Ground Weapons Level 1  
  64  5:13  Probe  
  69  5:17  Probe  
  70  5:22  Dark Templar  
  70  5:24  Pylon  
  70  5:26  Archon x2  
  70  5:28  Immortal  
  72  5:30  Probe  
  72  5:31  Probe  
  78  5:38  Pylon  
  78  5:44  Gateway  
  78  5:45  Gateway  
  78  5:53  Probe  
  78  5:54  Gateway  
  78  5:55  Probe  
  78  5:57  Probe  
  81  6:04  Gateway  
  81  6:05  Probe, Immortal, Gateway  
  81  6:07  Pylon, Probe  
  83  6:18  Probe  
  88  6:19  Probe  
  88  6:22  Pylon  
  88  6:23  Probe  
  90  6:26  Robotics Facility  
  90  6:30  Probe  
  90  6:31  Sentry x2  
  95  6:35  Pylon  
  95  6:38  Probe  
  96  6:40  Immortal  
  96  6:41  Dark Templar  
  96  6:42  Sentry, Dark Templar  
  96  6:45  Assimilator x2  
  102  6:47  Archon  
  102  6:48  Pylon  
  106  6:54  Probe, Pylon  
  106  6:56  Probe  
  108  7:04  Probe  
  108  7:06  Dark Templar x2  
  108  7:07  Probe  
  114  7:09  Zealot  
  114  7:10  Archon  
  116  7:16  Pylon  
  116  7:19  Immortal  
  116  7:21  Immortal  
  116  7:22  Nexus  
  124  7:40  Dark Templar  
  124  7:41  Dark Templar  
  124  7:43  Probe x3  
  131  7:46  Archon  
  131  7:56  Dark Templar  
  131  7:57  Dark Templar  
  131  7:58  Zealot x4  
  143  8:00  Archon  
Show
View Real Time Build Order
Export as new Build Order

A.I. 1 (Very Easy) Zerg - Winner!

Build Orders: Hatch First 

Get SALT Encoding   

  12  0:00  Drone  
  13  0:12  Overlord  
  13  0:17  Drone  
  14  0:41  Hatchery  
  13  0:44  Drone  
  14  1:03  Spawning Pool  
  13  1:05  Extractor  
  13  1:06  Drone  
  13  1:13  Drone  
  14  1:19  Overlord  
  14  1:49  Queen  
  14  1:50  Zergling x2  
  14  1:52  Zergling x2  
  18  2:03  Roach Warren  
  18  2:07  Drone  
  18  2:10  Extractor  
  18  2:14  Drone  
  18  2:19  Zergling x2  
  19  2:23  Drone  
  20  2:31  Drone  
  21  2:38  Drone  
  22  2:45  Drone  
  23  2:52  Drone  
  24  2:59  Drone  
  25  3:07  Drone  
  25  3:10  Roach  
  28  3:13  Overlord  
  28  3:18  Drone  
  29  3:25  Drone  
  30  3:32  Drone  
  31  3:39  Drone  
  32  3:47  Drone  
  33  3:49  Overlord  
  33  3:54  Drone  
  34  3:58  Lair  
  34  4:00  Roach  
  34  4:01  Drone  
  37  4:08  Drone  
  38  4:16  Drone  
  39  4:23  Drone  
  40  4:30  Drone  
  41  4:31  Overlord  
  41  4:37  Drone  
  42  4:44  Drone  
  43  4:51  Roach, Drone  
  46  4:56  Overseer  
  46  4:58  Drone  
  46  4:59  Overseer  
  47  5:03  Extractor  
  47  5:06  Drone  
  43  5:10  Extractor  
  43  5:13  Drone  
  42  5:20  Drone  
  41  5:27  Drone  
  42  5:34  Drone  
  43  5:42  Drone, Roach  
  46  5:49  Drone  
  47  5:50  Overseer  
  47  5:51  Overlord  
  47  5:56  Drone  
  46  6:03  Drone  
  43  6:10  Drone  
  44  6:33  Zergling x2  
  45  6:44  Overlord, Overseer  
  43  7:06  Overlord  
  42  7:13  Overseer  
  42  7:24  Roach  
  42  7:25  Overlord  
Tags
 
Add a new tag
Caveats
  • Supply blocks, unpowered buildings, or Contaminate may cause inaccurate times.
  • Supply counts are checked every 10 seconds.